 Dungeon Crawl Stone Soup version 0.26.0-18-gc5c842f807 (webtiles) character file.

Game seed: 14630308697581670727

87 thiole the Sneak (level 4, -2/27 HPs)
             Began as an Octopode Hedge Wizard on Jan 23, 2021.
             Slain by a hound (6 damage)
             ... on level 3 of the Dungeon.
             The game lasted 00:04:36 (2733 turns).

thiole the Sneak (Octopode Hedge Wizard)            Turns: 2733, Time: 00:04:36

Health: -2/27      AC:  1    Str:  8 (9)  XL:     4   Next: 51%
Magic:  9/9        EV: 13    Int: 16 (17) God:
Gold:   126        SH:  0    Dex: 10 (11) Spells: 8/9 levels left

rFire    . . .     SeeInvis .   a - +0 dagger
rCold    . . .     Faith    .   (no shield)
rNeg     . . .     Spirit   .   b - +0 hat
rPois    .         Reflect  .   l - amulet of magic regeneration
rElec    .         Harm     .   (no ring)
rCorr    .         Rampage  .   (no ring)
Will     .....                  (no ring)
Stlth    +++.......             (no ring)
HPRegen  0.09/turn              (no ring)
MPRegen  0.36/turn              (no ring)
                                (no ring)
                                (no ring)

@: no status effects
A: almost no armour, stealthy swim, amphibious, 8 rings, constrict 8, camouflage
1, gelatinous body 1
a: no special abilities


You were on level 3 of the Dungeon.
You visited 1 branch of the dungeon, and saw 3 of its levels.

You collected 126 gold pieces.

Inventory:

Hand Weapons
 a - a +0 dagger (weapon)
 m - a +2 arbalest of flaming
Armour
 b - a +0 hat (worn)
Jewellery
 l - an amulet of magic regeneration (around mantle)
Scrolls
 c - a scroll of amnesia {unknown}
 d - 6 scrolls of remove curse
 e - 4 scrolls of identify {unknown}
 g - a scroll of teleportation {unknown}
 k - a scroll of fog {unknown}
 o - a scroll of fear {unknown}
 p - a scroll of immolation {unknown}
Potions
 n - a potion of might {unknown}
 q - a potion of attraction {unknown}


   Skills:
 - Level 2.0 Dodging
 + Level 3.7 Stealth
 + Level 3.4 Spellcasting
 * Level 2.7 Conjurations
 - Level 2.0 Summonings
 - Level 1.0 Translocations


You had 8 spell levels left.
You knew the following spells:

 Your Spells              Type           Power        Failure   Level
a - Magic Dart            Conj           44%          6%          1

Your spell library contained the following spells:

 Spells                   Type           Power        Failure   Level
 Call Imp                 Summ           9%           12%         2
 Blink                    Tloc           N/A          19%         2
 Slow                     Hex            2%           26%         2
 Conjure Flame            Conj/Fire      7%           30%         3
 Mephitic Cloud           Conj/Pois/Air  5%           36%         3


Dungeon Overview and Level Annotations

Branches:
Dungeon (3/15)

Altars:
Hepliaklqana
Xom


Innate Abilities, Weirdness & Mutations

You cannot wear most types of armour.
You are very stealthy in the water. (Stealth+)
You are amphibious.
You can wear up to eight rings at the same time.
You can use your tentacles to constrict eight enemies at once.
Your skin changes colour to match your surroundings (Stealth+).
Your rubbery body absorbs attacks. (AC +1, EV +1)


Message History

* * * LOW HITPOINT WARNING * * *
The hound bites you but does no damage. The goblin hits you but does no damage.
It was a potion of cancellation.
Your magical effects are unravelling.
You feel magically purged.
You feel less wooden.
Your +0 hat unmelds from your body.
Your resistance to elements expires.
The hound completely misses you. The goblin misses you.
You hit the goblin. You grab the goblin. You squeeze the goblin.
You kill the goblin!
The hound closely misses you. The hound barely misses you.
You hit the hound. Your grab misses the hound. You squeeze the hound.
The hound is severely wounded.
The hound barely misses you.
You closely miss the hound. Your grab misses the hound.
The hound is severely wounded.
The hound pauses to sniff the ground.
The hound misses you. The hound bites you.
You die...

#.##.##...#..#... ##
#.##.........#... #.
##.##†.##)##.#.).. .. #.
#..).#.......+.... ... #.
#..#.#..#....#....
....##.###..#.#.......####.
........S.S.#.#.......# #.
###..^..#h##.#.#.....# #.
#.....#@##.#.......# #.
#.....#g##.#.##....# #.
....###.#.##.. ..... #....
.... ...†# ... ..... ...
...## #...#


You could see a hound, an adder and a goblin.

Vanquished Creatures
  Robin (D:3)
  An adder (D:2)
  A worm (D:2)
  A dart slug (D:1)
  A leopard gecko (D:2)
  A ball python (D:2)
  3 bats
  5 giant cockroaches
  12 goblins
  12 hobgoblins
  7 kobolds
  A quokka (D:3)
  2 frilled lizards (D:2)
  8 rats
56 creatures vanquished.

Notes
Turn   | Place    | Note
-------+----------+-------------------------------------------
     0 | D:1      | thiole the Octopode Hedge Wizard began the quest for the
                  | Orb.
     0 | D:1      | Reached XP level 1. HP: 11/11 MP: 4/4
   299 | D:1      | Reached XP level 2. HP: 17/17 MP: 4/6
  1095 | D:1      | Reached XP level 3. HP: 21/21 MP: 3/7
  2027 | D:2      | Found a shimmering altar of Xom.
  2028 | D:2      | Found a hazy altar of Hepliaklqana.
  2029 | D:2      | Noticed a spectral ugly thing
  2294 | D:2      | Reached XP level 4. HP: 27/27 MP: 0/8
  2721 | D:3      | Noticed Robin
  2726 | D:3      | Killed Robin
  2733 | D:3      | Slain by a hound

Illustrated notes

Levels and vault maps discovered:
D:1:      matt_arrival_los_fun, layout_basic
D:2:      layout_loops_ring, regret_index_temple_of_mockery, nrook_uturn
D:3:      layout_basic, kiku_gazebo_pond_becter, uniq_robin

Skill      XL: |  1  2  3 |
---------------+----------+-----
Stealth        | 3 |  3.7
Conjurations   | 2 |  2.7
Summonings     | 2 |  2.0
Dodging        | |  2.0
Spellcasting   | |  3.4
Translocations | |  1.0

Action                   |  1- 3 |  4- 6 || total
-------------------------+-------+-------++-------
Melee: Dagger            |    17 |     6 ||    23
       Constrict         |     8 |     2 ||    10
       Tentacles         |     5 |     3 ||     8
 Cast: Magic Dart        |    92 |    41 ||   133
  Use: Potion            |       |     4 ||     4
       Scroll            |       |     1 ||     1
Armor: Skin              |     1 |     4 ||     5
Dodge: Dodged            |     6 |    18 ||    24
